 Dungeon Crawl Stone Soup version 0.31.0-9-g3a7656b989 (webtiles) character file.

Game seed: 7424284749896014582

515 qw the Shooter (level 7, -1/35 HPs)
             Began as a Spriggan Hunter on Feb 2, 2024.
             Succumbed to an adder's poison
             ... on level 4 of the Dungeon.
             The game lasted 00:00:10 (2662 turns).

qw the Shooter (Spriggan Hunter)                    Turns: 2662, Time: 00:00:11

Health: -1/35      AC:  2    Str:  7    XL:     7   Next: 0%
Magic:  8/8        EV: 26    Int: 17    God:
Gold:   112        SH:  0    Dex: 21    Spells: 6/6 levels left

rFire   . . .        f - +0 arbalest
rCold   + + .        (shield currently unavailable)
rNeg    + . .        c - +0 robe
rPois   .            b - +0 hat "Qogean" {^Drain rC++ Int+7}
rElec   .            (no cloak)
rCorr   .            (gloves unavailable)
SInv    +            (boots unavailable)
Will    +....        (no amulet)
Stlth   ++           k - ring of positive energy
HPRegen 0.25/turn    l - +5 ring of evasion
MPRegen 0.11/turn

%: no passive effects
@: brilliant, lethally poisoned (-1 -> -5), very quick
A: very small, no large weapons, unfitting armour, see invisible, speed 3
a: no special abilities


You were on level 4 of the Dungeon.
You visited 1 branch of the dungeon, and saw 5 of its levels.

You collected 112 gold pieces.


Innate Abilities, Weirdness & Mutations

You are very small and have problems with some larger weapons.
You are too small for most types of armour.
You have supernaturally acute eyesight. (SInv)
You cover ground extremely quickly. (Speed+++)


   Skills:
 - Level 2.1 Fighting
 - Level 7.1 Ranged Weapons
 + Level 6.0 Dodging
 - Level 1.5 Stealth


You had 6 spell levels left.
You didn't know any spells.
Your spell library was empty.

Inventory:

Hand Weapons
 f - a +0 arbalest (weapon)
Armour
 b - the +0 hat "Qogean" (worn) {^Drain rC++ Int+7}
   (You acquired it on level 2 of the Dungeon)

   Int+7:     It affects your intelligence (+7).
   rC++:      It greatly protects you from cold.
   ^Drain:    It drains your maximum health when unequipped.
 c - a +0 robe (worn)
Jewellery
 i - a ring of ice
 k - a ring of positive energy (left hand)
 l - a +5 ring of evasion (right hand)
Wands
 m - a wand of digging (16)
 n - a wand of flame (17)
Scrolls
 g - 2 scrolls of teleportation
 o - a scroll of enchant armour
Potions
 d - a potion of might
 e - 3 potions of mutation
 h - a potion of curing
 j - a potion of enlightenment {unknown}

Dungeon Overview and Level Annotations

Branches:
Dungeon (5/15)
 Temple: D:4-7

Altars:


Message History

There are monsters nearby!
Waypoint 4 assigned to D:5.
You shoot a bolt. The bolt hits the scorpion!
The scorpion is severely wounded.
The dart slug launches a dart at you. The slug dart misses you.
You shoot a bolt.
The bolt completely misses the scorpion.
2655 ||| STAIRDANCE The scorpion closely misses you.
The adder completely misses you.
You climb upwards.
There is a stone staircase leading down here.
You shoot a bolt. The bolt hits the scorpion.
The scorpion is almost dead.
The scorpion stings you.
You are poisoned.
The scorpion poisons you! The adder barely misses you.
The scorpion completely misses you. The adder bites you.
You are more poisoned.
The adder poisons you!
You shoot a bolt. The bolt closely misses the scorpion.
You feel very sick. The scorpion stings you. The adder misses you.
The scorpion stings you. The adder completely misses you.
You shoot a bolt. The bolt hits the scorpion!
You kill the scorpion!
You feel very sick. The adder bites you. The adder misses you.
Your Ranged Weapons skill increases to level 7!
You have reached level 7!
2660 ||| READING 3 scrolls of teleportation.
As you read the scroll of teleportation, it crumbles to dust.
You feel strangely unstable.
You feel sick. The adder misses you.
You shoot a bolt. The bolt hits the adder!
The adder is severely wounded.
You feel sick. The adder completely misses you. x2
You shoot a bolt. The bolt hits the adder!
You kill the adder!
Your surroundings suddenly seem different.
You die...

..........# #......## #.#.#.#.#.#
#.###...##
#.#.#.#.#.#############.##.....##
#.#.#.#.#.....(.............(...#
#.#.#.#...............####......#
#.#.#.#.####.########## ##...#.#
.........<..........# ##.##.#
......#.##.#..#####.# #.##.#
##...##.##...#..@...# #....#
######.###.###.###.# ####.# #.#
##.#.####.###########.# #.#
##...................# # #.#
#.#.....###########.# #######.###
#.#.###.##)))..)....#
..........###.#.###.##.##.......#
#######.)...........##.##.#####.#
# ###.###..........##.# #.#


There were no monsters in sight!

Vanquished Creatures
  Edmund (D:4)
  A scorpion (D:4)
  2 orc priests (D:4)
  A hound (D:4)
  An iguana (D:3)
  2 sleepcaps (D:4)
  9 adders
  4 ribbon worms
  5 dart slugs
  4 orcs
  6 endoplasms
  5 giant cockroaches
  8 goblins
  5 hobgoblins
  8 jackals
  10 kobolds
  5 quokkas
  7 ball pythons
  4 bats
  5 frilled lizards
  5 rats
98 creatures vanquished.

Notes
Turn   | Place    | Note
-------+----------+-------------------------------------------
     0 | D:1      | qw the Spriggan Hunter began the quest for the Orb.
     0 | D:1      | Reached XP level 1. HP: 10/10 MP: 2/2
     0 | D:1      | 0 ||| qw: Version: 0.3-a-155-g5e7d8dd
     0 | D:1      | 0 ||| qw: Game counter: 752
     0 | D:1      | 0 ||| qw: Melee chars always use a shield: true
     0 | D:1      | 0 ||| qw: God list: Okawaru
     0 | D:1      | 0 ||| qw: Allow faded altars: false
     0 | D:1      | 0 ||| qw: Do Orc after clearing Dungeon:15 true
     0 | D:1      | 0 ||| qw: Do second Lair branch before Depths: true
     0 | D:1      | 0 ||| qw: Lair rune preference: random
     0 | D:1      | 0 ||| qw: Goals: Normal
     0 | D:1      | 0 ||| PLANNING D:1-11
    25 | D:1      | Reached skill level 3 in Dodging
    49 | D:1      | Reached XP level 2. HP: 14/14 MP: 3/3
   311 | D:1      | Reached XP level 3. HP: 18/18 MP: 4/4
   492 | D:1      | 492 ||| READING scroll labelled TALAIGECEZ.
   492 | D:1      | 492 ||| ENCHANTING +0 shortbow.
   493 | D:1      | 493 ||| READING scroll labelled NIFAIL BAULAMEJ.
   594 | D:1      | 594 ||| READING 2 scrolls labelled SOEROC VIXAHU.
   598 | D:1      | 598 ||| READING scroll labelled POIMYU DYOC.
   598 | D:1      | 598 ||| ENCHANTING +0 shortbow.
   599 | D:1      | 599 ||| DRINKING 2 fizzy inky potions.
   600 | D:1      | 600 ||| DROPPING scroll of butterflies.
   805 | D:2      | Reached skill level 5 in Ranged Weapons
   855 | D:2      | Reached XP level 4. HP: 22/22 MP: 5/5
  1242 | D:2      | 1242 ||| DROPPING ring of flight.
  1243 | D:2      | 1243 ||| UPGRADING to ring of positive energy.
  1244 | D:2      | 1244 ||| READING scroll labelled PIGIZA INALUOQ.
  1244 | D:2      | Identified a scroll of acquirement
  1244 | D:2      | 1244 ||| ACQUIRING +0 hat "Qogean" {^Drain rC++ Int+7}
  1244 | D:2      | Acquired the +0 hat "Qogean" {^Drain rC++ Int+7}
  1246 | D:2      | 1246 ||| UPGRADING to +0 hat "Qogean" {^Drain rC++ Int+7}.
  1251 | D:2      | 1251 ||| READING 2 scrolls labelled POM ILOSUXI.
  1251 | D:2      | 1251 ||| IDENTIFYING bubbling cyan potion
  1252 | D:2      | 1252 ||| READING scroll of identify.
  1252 | D:2      | 1252 ||| IDENTIFYING 3 emerald potions
  1353 | D:3      | 1353 ||| SWAPPING to +0 arbalest.
  1361 | D:3      | 1361 ||| DROPPING +1 shortbow.
  1506 | D:3      | Reached XP level 5. HP: 26/26 MP: 6/6
  1875 | D:3      | 1875 ||| UPGRADING to +5 ring of evasion.
  1876 | D:3      | 1876 ||| DRINKING 2 puce potions.
  1877 | D:3      | 1877 ||| DROPPING potion of attraction.
  2090 | D:4      | Reached skill level 6 in Ranged Weapons
  2135 | D:4      | Reached XP level 6. HP: 30/30 MP: 7/7
  2183 | D:4      | Reached skill level 6 in Dodging
  2327 | D:4      | Noticed Edmund
  2338 | D:4      | Killed Edmund
  2636 | D:4      | 2636 ||| DRINKING 2 purple potions.
  2637 | D:4      | 2637 ||| DROPPING potion of brilliance.
  2652 | D:5      | Entered Level 5 of the Dungeon
  2655 | D:5      | 2655 ||| STAIRDANCE
  2659 | D:4      | HP: 6/30 [poisoned by an adder]
  2660 | D:4      | Reached skill level 7 in Ranged Weapons
  2660 | D:4      | Reached XP level 7. HP: 4/35 MP: 8/8
  2660 | D:4      | 2660 ||| READING 3 scrolls of teleportation.
  2660 | D:4      | HP: 2/35 [poisoned by an adder]
  2662 | D:4      | Succumbed to an adder's poison

Levels and vault maps discovered:
D:1:      psy_arrival_statuary, layout_basic
D:2:      layout_loops_ring
D:3:      layout_loops_ring
D:4:      layout_loops_ring, minmay_misc_feat_rows, uniq_edmund
D:5:      layout_gridville, nemelex_xobeh_ov_fountains_minmay, serial_shops,
          nicolae_diamond_shop

Skill      XL: |  1  2  3  4  5  6 |
---------------+-------------------+-----
Dodging        | 3 4 5 6 |  6.0
Ranged Weapons | 5 6 7 |  7.1
Fighting       | 2 |  2.1
Stealth        | |  1.5

Action                     |  1- 3 |  4- 6 |  7- 9 || total
---------------------------+-------+-------+-------++-------
   Fire: Shortbow          |   114 |    17 |       ||   131
         Arbalest          |       |   109 |     2 ||   111
    Use: Scroll            |     4 |     3 |     1 ||     8
         Potion            |     1 |     2 |       ||     3
 Armour: Robe              |     7 |    13 |       ||    20
  Dodge: Dodged            |    37 |    52 |     3 ||    92

Table legend:
 A = Non-vault XP
 B = Vault XP
 C = Vault XP percentage of total XP
 D = Non-vault monster count
 E = Vault monster count
 F = Vault count percentage of total count
                 A         B        C        D         E       F
            +---------+---------+-------+---------+---------+-------
      Total |     592 |     157 |  21.0 |      97 |       1 |   1.0
            +---------+---------+-------+---------+---------+-------
        D:1 |      46 |       0 |   0.0 |      25 |       0 |   0.0
        D:2 |      73 |       0 |   0.0 |      21 |       0 |   0.0
        D:3 |     108 |       0 |   0.0 |      24 |       0 |   0.0
        D:4 |     365 |     157 |  30.1 |      27 |       1 |   3.6
            +---------+---------+-------+---------+---------+-------
